 Dungeon Crawl Stone Soup version 0.18.1-5-g4a78601 (webtiles) character file.

28 dracos369 the Poker (level 3, 0/28 HPs)
             Began as a Merfolk Skald on May 13, 2016.
             Slain by a hobgoblin (5 damage)
             ... on level 1 of the Dungeon.
             The game lasted 00:03:58 (922 turns).

dracos369 the Poker (Merfolk Skald)                  Turns: 922, Time: 00:03:58

Health: 0/28       AC:  5    Str: 12    XL:     3   Next: 12%
Magic:  5/6        EV: 14    Int: 11    God:
Gold:   32         SH:  0    Dex: 14    Spells: 1 memorised, 5 levels left

rFire  . . .     SeeInvis .     a - +0 spear
rCold  . . .     Gourm    .     b - +0 leather armour
rNeg   . . .     Faith    .     (no shield)
rPois  +         Spirit   .     (no helmet)
rElec  .         Dismiss  .     (no cloak)
rCorr  .         Reflect  .     i - +0 pair of gloves
SustAt .         Harm     .     (boots currently unavailable)
MR     .....                    (no amulet)
Stlth  ++........               p - +1 ring of protection
                                l - ring of poison resistance

@: infused, very quick, not resistant to hostile enchantments, unstealthy
A: change form in water, swift swim
a: no special abilities


You were on level 1 of the Dungeon.
You were not hungry.

You visited 1 branch of the dungeon, and saw 2 of its levels.

You collected 32 gold pieces.

Inventory:

Hand Weapons
 a - a +0 spear (weapon)
Armour
 b - a +0 leather armour (worn)
 i - a +0 pair of gloves (worn)
Jewellery
 l - a ring of poison resistance (left hand)
 p - a +1 ring of protection (right hand)
Scrolls
 g - 2 scrolls of remove curse {unknown}
 j - a scroll of identify {unknown}
 o - a scroll of fog {unknown}
Potions
 e - a potion of curing {unknown}
 h - a potion of heal wounds {unknown}
 k - a potion of might {unknown}
 n - a potion of invisibility {unknown}
Books
 c - a book of Battle

   Spells                             Type                      Level
   a - Infusion                       Charms                       1
   b - Shroud of Golubria             Charms/Translocation         2
   c - Song of Slaying                Charms                       2
   d - Spectral Weapon                Hexes/Charms                 3
   e - Regeneration                   Charms/Necromancy            3
Comestibles
 d - a bread ration
 f - a chunk of flesh
 m - a royal jelly


   Skills:
 - Level 2.3 Fighting
 + Level 4.5 Polearms
 - Level 0.6 Armour
 - Level 1.3 Dodging
 - Level 2.1 Spellcasting
 - Level 3.4 Charms


You had 5 spell levels left.
You knew the following spells:

 Your Spells              Type           Power        Failure   Level  Hunger
a - Infusion              Chrm           #...         10%         1    ##.....


Dungeon Overview and Level Annotations

Branches:
Dungeon (2/15)

Altars:


Message History

The adder closely misses you.
Your legs become a tail as you enter the water.
You are too injured to fight recklessly!
You barely miss the adder. The adder closely misses you.
You hit the adder.
Your tail-slap misses the adder.
The adder is moderately wounded.
The adder misses you.
You hit the adder.
The adder is moderately wounded.
The adder misses you.
You barely miss the adder.
The adder is moderately wounded.
The adder completely misses you. The adder barely misses you.
You are too injured to fight recklessly!
Unknown command.
Casting: Infusion
Confirm with . or Enter, or press ? or * to list all spells.
You begin infusing your attacks with magical energy.
The hobgoblin hits you.
You die...

......########.#.#...#####.#
..)...'........#...........#
..#...######################
###...##§§§§§≈§§≈≈≈≈≈§≈#
###...##§§≈≈§.§§§.≈≈≈≈≈#
..######≈§....≈≈≈....≈≈# ..#
#≈...≈≈≈.≈≈≈...≈# ..#
#≈..≈≈..<.≈≈≈..≈# ..#
#§...≈≈≈.@≈≈...≈# ######
#§≈§...≈gS....§≈# .....#
#≈§§≈≈.....≈≈§§§# ####.#
#§§§§§≈≈.≈≈≈≈§§§# #
#.##########.######## #
#.#.......##.>...#
####.#.#####.##.....#
##.........#.###....#
.....#.#...#.# #....#


You could see an adder and a hobgoblin.

Vanquished Creatures
  An adder (D:2)
  A dart slug (D:1)
  A bat (D:1)
  5 goblins
  2 hobgoblins (D:1)
  A giant newt (D:1)
  2 kobolds (D:1)
  3 rats (D:1)
16 creatures vanquished.

Notes
Turn   | Place    | Note
--------------------------------------------------------------
     0 | D:1      | dracos369 the Merfolk Skald began the quest for the Orb.
     0 | D:1      | Reached XP level 1. HP: 16/16 MP: 3/3
   175 | D:1      | Reached XP level 2. HP: 22/23 MP: 5/5
   718 | D:2      | Reached skill level 4 in Polearms
   790 | D:2      | Reached XP level 3. HP: 4/28 MP: 1/6
   804 | D:2      | HP: 1/28 [adder (1)]
   922 | D:1      | Slain by a hobgoblin

Skill      XL: |  1  2 |
---------------+-------+-----
Polearms       | 4 |  4.5
Fighting       | |  2.3
Armour         | |  0.6
Dodging        | |  1.3
Spellcasting   | |  2.1
Charms         | |  3.4

Action                   || total
-------------------------++-------
Melee: Spear             ||    66
 Cast: Infusion          ||     2
 Stab: Sleeping          ||     1
Armor: Leather armour    ||    25
Dodge: Dodged            ||    65
